 Dungeon Crawl Stone Soup version 0.23.0 (webtiles) character file.

Game seed: 4766401042104200041

48891 grindst0ne the Archer (level 14, -2/108 HPs)
             Began as a Gnoll Transmuter on Feb 14, 2019.
             Was the Champion of Cheibriados.
             Slain by a five-headed hydra simulacrum (29 damage)
             ... on level 6 of the Lair of Beasts.
             The game lasted 01:01:20 (23587 turns).

grindst0ne the Archer (Gnoll Transmuter)           Turns: 23587, Time: 01:01:21

Health: -2/108     AC: 13    Str: 27    XL:     14   Next: 48%
Magic:  0/28       EV: 29    Int: 36    God:    Cheibriados [******]
Gold:   1286       SH:  0    Dex: 35    Spells: 9/33 levels left

rFire    . . .     SeeInvis +     - Unarmed
rCold    . . .     Gourm    .   (shield currently unavailable)
rNeg     . . .     Faith    .   j - +2 ring mail "Tisu" {rElec Int+4}
rPois    +         Spirit   +   C - +0 helmet {SInv}
rElec    +         Reflect  .   G - +2 cloak {rPois}
rCorr    .         Harm     .   (gloves currently unavailable)
MR       +....                  (no boots)
Stlth    +++++.....             f - amulet of guardian spirit
HPRegen  0.28/turn              Z - +5 ring of evasion
MPRegen  0.21/turn              y - ring of wizardry

@: blade hands, studying Bows, very slow
A: distributed training, fangs 1, strong nose
a: End Transformation, Bend Time, Temporal Distortion, Slouch, Step From Time,
Renounce Religion


You were on level 6 of the Lair of Beasts.
You worshipped Cheibriados.
Cheibriados was exalted by your worship.
You were not hungry.
You had blades for hands.
You visited 3 branches of the dungeon, and saw 18 of its levels.
You also visited: Sewer.

You collected 1286 gold pieces.

Inventory:

Hand Weapons
 a - the +3 quarterstaff "Etwoir" (melded) {antimagic, +Inv rPois rC+}
   (You found it on level 3 of the Lair of Beasts)

   It reduces the magical energy of the wielder, and disrupts the spells and
   magical abilities of those hit.
   Natural abilities and divine invocations are not affected.
   It protects you from cold.
   It protects you from poison.
   It lets you turn invisible.
 b - a +1 blowgun
Missiles
 h - 4 throwing nets (quivered)
 E - 9 poisoned needles
Armour
 j - the +2 ring mail "Tisu" (worn) {rElec Int+4}
   (You found it on level 3 of the Lair of Beasts)

   It affects your intelligence (+4).
   It insulates you from electricity.
 C - a +0 helmet of see invisible (worn)
 G - a +2 cloak of poison resistance (worn)
 K - a +2 hat of magic resistance
 Q - a +2 pair of gloves (melded)
 S - +0 steam dragon scales
Magical Staves
 O - an uncursed staff of power
Jewellery
 c - an uncursed amulet of magic regeneration
 f - an amulet of guardian spirit (around neck)
 v - an uncursed ring of fire
 y - a ring of wizardry (right scythe-like blade)
 A - a cursed amulet of inaccuracy {unknown}
 N - an uncursed amulet of faith {unknown}
 Z - a +5 ring of evasion (left scythe-like blade)
Wands
 s - a wand of flame (30)
 w - a wand of acid (4)
 L - a wand of paralysis (5)
 W - a wand of digging (4)
 X - a wand of iceblast (1)
Scrolls
 e - 4 scrolls of fog
 g - 6 scrolls of amnesia
 n - 5 scrolls of remove curse
 q - 4 scrolls of teleportation
 z - a scroll of torment {unknown}
 M - a scroll of enchant weapon
 R - 2 scrolls of magic mapping
Potions
 i - a potion of cancellation
 k - 3 potions of magic
 l - a potion of might
 m - 7 potions of curing
 o - 4 potions of agility
 p - 2 potions of resistance
 r - 4 potions of brilliance
 t - 2 potions of ambrosia
 x - a potion of berserk rage
 B - 3 potions of flight
 D - a potion of heal wounds
 F - 6 potions of lignification
 P - a potion of mutation
 T - a potion of invisibility {unknown}
Books
 I - a manual of Bows
Comestibles
 d - 37 rations


   Skills:
 + Level 9.5 Fighting
 + Level 9.1 Short Blades
 + Level 9.1 Long Blades
 + Level 9.1 Axes
 + Level 9.1 Maces & Flails
 + Level 9.1 Polearms
 + Level 9.1 Staves
 + Level 9.1 Slings
 + Level 11.8 Bows
 + Level 9.1 Crossbows
 + Level 9.1 Throwing
 + Level 9.1 Armour
 + Level 10.2 Dodging
 + Level 9.1 Stealth
 + Level 9.1 Shields
 + Level 11.1 Unarmed Combat
 + Level 10.3 Spellcasting
 + Level 7.6 Conjurations
 + Level 7.6 Hexes
 + Level 7.6 Charms
 + Level 7.6 Summonings
 + Level 7.6 Necromancy
 + Level 7.6 Translocations
 + Level 8.6 Transmutations
 + Level 7.6 Fire Magic
 + Level 7.6 Ice Magic
 + Level 7.6 Air Magic
 + Level 7.6 Earth Magic
 + Level 7.6 Poison Magic
 + Level 9.9 Invocations
 + Level 9.1 Evocations


You had 9 spell levels left.
You knew the following spells:

 Your Spells              Type           Power        Failure   Level  Hunger
a - Regeneration          Chrm/Necr      ######....   4%          3    None
b - Sticks to Snakes      Tmut           ######..     3%          2    None
c - Spider Form           Tmut/Pois      ######....   4%          3    None
d - Blade Hands           Tmut           ######....   10%         5    ##.....
e - Blink                 Tloc           N/A          3%          2    None
f - Mephitic Cloud        Conj/Pois/Air  ######..     4%          3    None
g - Animate Skeleton      Necr           N/A          3%          1    None
h - Fireball              Conj/Fire      ######....   12%         5    ##.....

Your spell library contained the following spells:

 Spells                   Type           Power        Failure   Level  Hunger
 Beastly Appendage        Tmut           ######       2%          1    None
 Flame Tongue             Conj/Fire      #####        3%          1    None
 Infusion                 Chrm           ####         3%          1    None
 Magic Dart               Conj           ####         3%          1    None
 Pain                     Necr           ####         3%          1    None
 Call Imp                 Summ           ######..     3%          2    None
 Shroud of Golubria       Chrm/Tloc      ######....   3%          2    None
 Slow                     Hex            ######..     3%          2    None
 Song of Slaying          Chrm           ######..     3%          2    None
 Throw Flame              Conj/Fire      ######       3%          2    None
 Conjure Flame            Conj/Fire      ######..     4%          3    None
 Inner Flame              Hex/Fire       ######..     4%          3    None
 Spectral Weapon          Hex/Chrm       ######..     4%          3    None
 Vampiric Draining        Necr           ######....   4%          3    None
 Ice Form                 Ice/Tmut       ######..     6%          4    None
 Animate Dead             Necr           N/A          7%          4    None
 Sticky Flame             Conj/Fire      ######..     7%          4    None


Dungeon Overview and Level Annotations

Branches:
Dungeon (11/15)            Temple (1/1) D:4            Lair (6/6) D:9
 Shoals (0/4) Lair:4       Spider (0/4) Lair:4        Slime (0/5) Lair:5
    Orc: D:9-12

Altars:
Ashenzari
Cheibriados
Dithmenos
Elyvilon
Fedhas
Gozag
Hepliaklqana
Kikubaaqudgha
Makhleb
Nemelex Xobeh
Okawaru
Qazlal
Ru
Sif Muna
Trog
Uskayaw
Vehumet
Wu Jian
Xom
Yredelemnul
Zin
The Shining One

Annotations:
D:4 1 runed translucent door, tidbits's ghost, amateur GnSk
D:9 exclusion: downstairs
Lair:1 exclusion: downstairs
Lair:5 exclusion: downstairs


Innate Abilities, Weirdness & Mutations

Your experience applies equally to all skills.
You have very sharp teeth.
Your uncanny sense of smell can sniff out nearby items.


Message History

You are encased in ice.
You slash the rime drake! Your slash misses the rime drake.
The rime drake is moderately wounded.
The rime drake misses you.
You slice the rime drake!!
You kill the rime drake!
Cheibriados appreciates the change of pace.
The ice encasing you melts away.
The five-headed hydra simulacrum completely misses you.
The five-headed hydra simulacrum bites you but does no damage.
The five-headed hydra simulacrum closely misses you. x2
The five-headed hydra simulacrum completely misses you.
The five-headed hydra simulacrum bites you.
The five-headed hydra simulacrum freezes you!!
The five-headed hydra simulacrum bites you but does no damage.
The five-headed hydra simulacrum misses you.
The five-headed hydra simulacrum bites you!
* * * LOW HITPOINT WARNING * * *
The five-headed hydra simulacrum freezes you!!
You die...

PP##...#...##....###...#.#### #..
.##....#...#Z...# ...Z#..#.####.
####.......#....# ...##.#..##...
.#.........'...# ∆ Z..#......##..
.......#...'...#∆ ∆...#.......#..
#........'...#∆ ..#.##.......#.
#....P...#...## . #..#.........
###....##..#...Z## ##..#.........
..#.....#..##...@###...#.........
...#..÷###..###.......##.......#.
.......##.....###...###......P.##
........####....#####.........#..
.......#.###.....................
........###.#.P#...###...........
.........##...###### ..........
.......##..P.P## #.........
.............[.## #..P.#####


You could see a five-headed hydra simulacrum and a spiny frog simulacrum
(wandering).

Vanquished Creatures
  Gastronok (Lair:3)
  The ghost of lextramoth the Fighter, a journeyman MiFi of the Shining One (Lair:6)
  Harold (D:11)
  6 hydras
  A catoblepas (Lair:5)
  An ice dragon (Lair:3)
  8 death yaks
  A manticore (Lair:4)
  A wolf spider (D:10)
  12 elephants
  6 black mambas
  12 spiny frogs
  Psyche (D:9)
  3 rime drakes
  10 komodo dragons
  2 polar bears
  3 meliai (Lair:4)
  A queen bee (Lair:4)
  A troll (D:11)
  2 slime creatures (Lair:5)
  A hornet (D:8)
  13 blink frogs
  A dream sheep (Lair:1)
  5 hippogriffs
  Sigmund (D:2)
  Eustachio (D:5)
  A human (D:8)
  5 wyverns
  15 yaks
  3 hogs (D:8)
  Grum (D:10)
  2 basilisks (Lair:4)
  A steam dragon (D:9)
  Edmund (D:4)
  2 acid dragons
  10 water moccasins
  9 porcupines
  A black bear (D:7)
  2 ice beasts
  4 sky beasts
  5 orc warriors
  3 phantoms
  2 eyes of draining (D:9)
  3 black mamba simulacra (Lair:6)
  A necrophage (D:11)
  7 ogres
  6 centaurs
  11 wolves
  12 crocodiles
  Blork the orc (D:6)
  A big kobold (D:7)
  A wyvern zombie (D:9)
  16 bullfrogs
  A gnoll sergeant (D:9)
  A water moccasin zombie (D:5)
  2 scorpions
  3 wights (D:10)
  34 killer bees
  An electric eel (Lair:1)
  A torpor snail simulacrum (Lair:6)
  4 crimson imps
  4 jellies
  2 lava snakes (D:10)
  An iron imp (D:9)
  3 bullfrog skeletons
  2 centaur zombies (D:10)
  7 hounds
  Crazy Yiuf (D:5)
  6 orc priests
  13 orc wizards
  Ijyb (D:5)
  4 iguanas
  10 worker ants
  2 hell rats (Lair:4)
  Robin (D:2)
  2 hound skeletons
  A howler monkey zombie (D:7)
  10 gnolls
  A howler monkey skeleton (D:9)
  14 adders
  2 river rats (D:5)
  9 shadow imps
  An ooze (D:5)
  3 adder skeletons
  3 worms
  4 dart slugs
  6 leopard geckos
  35 orcs
  8 bats
  8 giant cockroaches
  7 hobgoblins
  14 jackals
  13 kobolds
  5 quokkas
  A ball python (D:5)
  7 frilled lizards
  A giant cockroach zombie (D:6)
  13 goblins
  A jackal skeleton (D:7)
  A leopard gecko skeleton (D:6)
  A quokka skeleton (D:8)
  11 rats
  4 plants (Lair:1)
512 creatures vanquished.

Vanquished Creatures (collateral kills)
  A blink frog (Lair:4)
  Terence (D:2)
  An adder (D:2)
  A frilled lizard (D:2)
4 creatures vanquished.

Vanquished Creatures (others)
  9 fungi
  15 plants
24 creatures vanquished.

Grand Total: 540 creatures vanquished

Notes
Turn   | Place    | Note
-------+----------+-------------------------------------------
     0 | D:1      | grindst0ne the Gnoll Transmuter began the quest for the
                  | Orb.
     0 | D:1      | Reached XP level 1. HP: 17/17 MP: 6/6
   300 | D:1      | Reached XP level 2. HP: 22/23 MP: 5/7
   864 | D:2      | Reached XP level 3. HP: 26/28 MP: 7/9
   877 | D:2      | Reached skill level 5 in Spellcasting
   982 | D:2      | Learned a level 2 spell: Sticks to Snakes
  1014 | D:2      | Learned a level 3 spell: Spider Form
  1122 | D:2      | Reached skill level 1 in Invocations
  1167 | D:2      | Reached skill level 1 in Short Blades
  1167 | D:2      | Reached skill level 1 in Long Blades
  1167 | D:2      | Reached skill level 1 in Axes
  1167 | D:2      | Reached skill level 1 in Maces & Flails
  1167 | D:2      | Reached skill level 1 in Polearms
  1167 | D:2      | Reached skill level 1 in Staves
  1167 | D:2      | Reached skill level 1 in Slings
  1167 | D:2      | Reached skill level 1 in Bows
  1167 | D:2      | Reached skill level 1 in Crossbows
  1167 | D:2      | Reached skill level 1 in Throwing
  1167 | D:2      | Reached skill level 1 in Armour
  1167 | D:2      | Reached skill level 1 in Stealth
  1167 | D:2      | Reached skill level 1 in Shields
  1167 | D:2      | Reached skill level 1 in Evocations
  1167 | D:2      | Reached XP level 4. HP: 19/34 MP: 4/11
  1245 | D:2      | Found a basalt altar of Yredelemnul.
  1250 | D:2      | Noticed Terence
  1259 | D:2      | Killed Terence
  1333 | D:2      | Noticed Sigmund
  1346 | D:2      | Killed Sigmund
  1346 | D:2      | Reached skill level 1 in Conjurations
  1346 | D:2      | Reached skill level 1 in Hexes
  1346 | D:2      | Reached skill level 1 in Charms
  1346 | D:2      | Reached skill level 1 in Summonings
  1346 | D:2      | Reached skill level 1 in Necromancy
  1346 | D:2      | Reached skill level 1 in Translocations
  1346 | D:2      | Reached skill level 1 in Fire Magic
  1346 | D:2      | Reached skill level 1 in Ice Magic
  1346 | D:2      | Reached skill level 1 in Air Magic
  1346 | D:2      | Reached skill level 1 in Earth Magic
  1346 | D:2      | Reached skill level 1 in Poison Magic
  1346 | D:2      | Reached XP level 5. HP: 31/41 MP: 3/12
  1346 | D:2      | Reached XP level 6. HP: 36/47 MP: 3/13
  1449 | D:2      | Noticed Robin
  1464 | D:2      | Killed Robin
  2046 | D:3      | Reached skill level 5 in Dodging
  2484 | D:3      | Found a shadowy altar of Dithmenos.
  2500 | D:3      | Found a glowing golden altar of the Shining One.
  2675 | D:3      | Reached XP level 7. HP: 39/52 MP: 5/15
  2710 | D:3      | Found a deep blue altar of Sif Muna.
  2776 | D:3      | Found a sacrificial altar of Ru.
  2779 | D:3      | Found an ancient bone altar of Kikubaaqudgha.
  2782 | D:3      | Found a bloodstained altar of Trog.
  3230 | D:4      | Noticed Edmund
  3259 | D:4      | Killed Edmund
  3401 | D:4      | Found a hazy altar of Hepliaklqana.
  3616 | D:4      | Reached XP level 8. HP: 20/60 MP: 3/16
  3803 | D:4      | Found a staircase to the Ecumenical Temple.
  3922 | D:4      | Found an ornate altar of the Wu Jian Council.
  4134 | D:4      | Found a runed translucent door.
  4155 | D:4      | Noticed tidbits's ghost (amateur GnSk)
  4339 | D:5      | Entered Level 5 of the Dungeon
  4884 | D:5      | Noticed Ijyb
  4899 | D:5      | Killed Ijyb
  4906 | D:5      | Found a glowing golden altar of the Shining One.
  5045 | D:5      | Found a glowing drain.
  5057 | Sewer    | Entered a sewer
  5392 | D:5      | Noticed Eustachio
  5408 | D:5      | Killed Eustachio
  5660 | D:5      | Reached XP level 9. HP: 59/66 MP: 15/18
  5762 | D:5      | Found a runed translucent door.
  5829 | Temple   | Entered the Ecumenical Temple
  6013 | D:5      | Noticed Crazy Yiuf
  6023 | D:5      | Killed Crazy Yiuf
  6170 | D:6      | Reached skill level 5 in Transmutations
  6701 | D:6      | Reached skill level 5 in Fighting
  6860 | D:6      | Noticed Blork the orc
  6867 | D:6      | Killed Blork the orc
  7289 | D:7      | Reached skill level 5 in Invocations
  7486 | D:7      | Reached skill level 5 in Bows
  7591 | D:7      | Reached XP level 10. HP: 39/74 MP: 17/20
  7877 | D:7      | Found an opulent altar of Gozag.
  8518 | D:8      | Learned a level 3 spell: Regeneration
  9138 | D:8      | Reached skill level 5 in Short Blades
  9138 | D:8      | Reached skill level 5 in Long Blades
  9138 | D:8      | Reached skill level 5 in Axes
  9138 | D:8      | Reached skill level 5 in Maces & Flails
  9138 | D:8      | Reached skill level 5 in Polearms
  9138 | D:8      | Reached skill level 5 in Staves
  9138 | D:8      | Reached skill level 5 in Slings
  9138 | D:8      | Reached skill level 5 in Crossbows
  9138 | D:8      | Reached skill level 5 in Throwing
  9138 | D:8      | Reached skill level 5 in Armour
  9138 | D:8      | Reached skill level 5 in Stealth
  9138 | D:8      | Reached skill level 5 in Shields
  9138 | D:8      | Reached skill level 5 in Evocations
  9187 | D:8      | Paralysed by a hornet for 2 turns
  9191 | D:8      | Paralysed by a hornet for 1 turns
  9968 | D:8      | Found a shattered altar of Ashenzari.
 10366 | D:8      | Found an iron altar of Okawaru.
 10768 | D:9      | Noticed Psyche
 10781 | D:9      | Killed Psyche
 11149 | D:9      | Found a snail-covered altar of Cheibriados.
 11242 | D:9      | Became a worshipper of Cheibriados the Contemplative
 11363 | D:9      | Reached XP level 11. HP: 61/82 MP: 15/22
 11402 | D:9      | Found a staircase to the Lair.
 11845 | D:10     | Entered Level 10 of the Dungeon
 11960 | D:10     | Noticed Grum
 11974 | D:10     | Killed Grum
 12257 | D:10     | Reached * piety under Cheibriados
 12272 | D:10     | Reached skill level 5 in Conjurations
 12272 | D:10     | Reached skill level 5 in Hexes
 12272 | D:10     | Reached skill level 5 in Charms
 12272 | D:10     | Reached skill level 5 in Summonings
 12272 | D:10     | Reached skill level 5 in Necromancy
 12272 | D:10     | Reached skill level 5 in Translocations
 12272 | D:10     | Reached skill level 5 in Fire Magic
 12272 | D:10     | Reached skill level 5 in Ice Magic
 12272 | D:10     | Reached skill level 5 in Air Magic
 12272 | D:10     | Reached skill level 5 in Earth Magic
 12272 | D:10     | Reached skill level 5 in Poison Magic
 12770 | D:10     | Noticed a wolf spider
 13064 | D:10     | Killed a wolf spider
 13513 | D:11     | Noticed Harold
 13590 | D:11     | Killed Harold
 13593 | D:11     | Reached ** piety under Cheibriados
 14126 | Lair:1   | Entered Level 1 of the Lair of Beasts
 14161 | Lair:1   | Learned a level 5 spell: Blade Hands
 15163 | Lair:1   | Learned a level 2 spell: Blink
 15167 | Lair:1   | Learned a level 3 spell: Mephitic Cloud
 15331 | Lair:1   | Reached *** piety under Cheibriados
 15778 | Lair:2   | Reached XP level 12. HP: 91/91 MP: 13/24
 15913 | Lair:2   | Noticed a five-headed hydra
 15934 | Lair:2   | Killed a five-headed hydra
 16230 | Lair:2   | Learned a level 1 spell: Animate Skeleton
 16618 | Lair:3   | Reached **** piety under Cheibriados
 16831 | Lair:3   | Noticed Gastronok
 16861 | Lair:3   | Killed Gastronok
 17307 | Lair:3   | Reached skill level 10 in Unarmed Combat
 17675 | Lair:3   | Noticed a death yak
 17675 | Lair:3   | Noticed a death yak
 17686 | Lair:3   | Noticed a death yak
 17686 | Lair:3   | Noticed a death yak
 17686 | Lair:3   | Noticed a death yak
 17691 | Lair:3   | Killed a death yak
 17700 | Lair:3   | Killed a death yak
 17704 | Lair:3   | Killed a death yak
 17711 | Lair:3   | Killed a death yak
 17711 | Lair:3   | Reached XP level 13. HP: 96/98 MP: 19/26
 17721 | Lair:3   | Reached skill level 10 in Bows
 17748 | Lair:3   | Noticed an ice dragon
 17766 | Lair:3   | Killed an ice dragon
 17792 | Lair:3   | Got a warped ring mail
 17815 | Lair:3   | Identified the +2 ring mail "Tisu" {rElec Int+4} (You found
                  | it on level 3 of the Lair of Beasts)
 17819 | Lair:3   | Got a smoking quarterstaff
 17820 | Lair:3   | Identified the +3 quarterstaff "Etwoir" {antimagic, +Inv
                  | rPois rC+} (You found it on level 3 of the Lair of Beasts)
 18362 | Lair:4   | Reached ***** piety under Cheibriados
 18803 | Lair:4   | Found a staircase to the Shoals.
 20288 | Lair:4   | Found a hole to the Spider Nest.
 20974 | Lair:5   | Reached ****** piety under Cheibriados
 21136 | Lair:5   | Found a staircase to the Slime Pits.
 21423 | Lair:5   | Reached skill level 10 in Spellcasting
 21428 | Lair:5   | Reached XP level 14. HP: 89/108 MP: 12/28
 21548 | Lair:5   | Found a shimmering altar of Xom.
 21929 | Lair:6   | Entered Level 6 of the Lair of Beasts
 22347 | Lair:5   | Learned a level 5 spell: Fireball
 22489 | Lair:5   | Reached skill level 10 in Dodging
 23245 | Lair:6   | Found a runed translucent gate.
 23245 | Lair:6   | Found a runed translucent gate.
 23245 | Lair:6   | Found a runed translucent gate.
 23571 | Lair:6   | Noticed lextramoth's ghost (journeyman MiFi)
 23583 | Lair:6   | Killed lextramoth's ghost
 23587 | Lair:6   | Slain by a five-headed hydra simulacrum

Skill      XL: |  1  2  3  4  5  6  7  8  9 10 11 12 13 14 |
---------------+-------------------------------------------+-----
Spellcasting   | 5 6 7 8 9 10 | 10.3
Invocations    | 1 2 3 4 5 6 7 8 9 |  9.9
Short Blades   | 1 2 3 4 5 6 7 8 9 |  9.1
Long Blades    | 1 2 3 4 5 6 7 8 9 |  9.1
Axes           | 1 2 3 4 5 6 7 8 9 |  9.1
Maces & Flails | 1 2 3 4 5 6 7 8 9 |  9.1
Polearms       | 1 2 3 4 5 6 7 8 9 |  9.1
Staves         | 1 2 3 4 5 6 7 8 9 |  9.1
Slings         | 1 2 3 4 5 6 7 8 9 |  9.1
Bows           | 1 2 3 5 6 8 9 11 | 11.8
Crossbows      | 1 2 3 4 5 6 7 8 9 |  9.1
Throwing       | 1 2 3 4 5 6 7 8 9 |  9.1
Armour         | 1 2 3 4 5 6 7 8 9 |  9.1
Stealth        | 1 2 3 4 5 6 7 8 9 |  9.1
Shields        | 1 2 3 4 5 6 7 8 9 |  9.1
Evocations     | 1 2 3 4 5 6 7 8 9 |  9.1
Fighting       | 3 4 5 6 7 8 9 |  9.5
Conjurations   | 1 2 3 4 5 6 7 |  7.6
Hexes          | 1 2 3 4 5 6 7 |  7.6
Charms         | 1 2 3 4 5 6 7 |  7.6
Summonings     | 1 2 3 4 5 6 7 |  7.6
Necromancy     | 1 2 3 4 5 6 7 |  7.6
Translocations | 1 2 3 4 5 6 7 |  7.6
Transmutations | 4 5 6 7 8 |  8.6
Fire Magic     | 1 2 3 4 5 6 7 |  7.6
Ice Magic      | 1 2 3 4 5 6 7 |  7.6
Air Magic      | 1 2 3 4 5 6 7 |  7.6
Earth Magic    | 1 2 3 4 5 6 7 |  7.6
Poison Magic   | 1 2 3 4 5 6 7 |  7.6
Dodging        | 5 6 7 8 9 10 | 10.2
Unarmed Combat | 7 8 9 10 11 | 11.1

Action                   |  1- 3 |  4- 6 |  7- 9 | 10-12 | 13-15 || total
-------------------------+-------+-------+-------+-------+-------++-------
Melee: Unarmed           |    17 |    96 |   320 |   634 |   315 ||  1382
       Dagger            |   123 |    82 |    18 |       |       ||   223
       Bite              |    11 |    12 |     7 |    30 |    42 ||   102
       Punch             |     5 |     1 |     1 |    13 |     1 ||    21
       Kick              |     2 |       |       |       |       ||     2
       Headbutt          |     5 |       |       |       |       ||     5
       Flail             |       |       |    90 |    47 |       ||   137
       Spear             |       |       |       |    80 |       ||    80
       Quarterstaff      |       |       |       |       |   174 ||   174
 Fire: Blowgun           |       |       |       |    34 |    73 ||   107
Throw: Throwing net      |       |       |       |       |     1 ||     1
 Cast: Beastly Appendage |     5 |       |       |       |       ||     5
       Sticks to Snakes  |     2 |     3 |       |       |       ||     5
       Spider Form       |     1 |    14 |    30 |    60 |    30 ||   135
       Blade Hands       |       |       |       |     7 |     4 ||    11
       Regeneration      |       |       |       |     5 |     6 ||    11
       Mephitic Cloud    |       |       |       |     1 |     1 ||     2
       Fireball          |       |       |       |       |     3 ||     3
 Abil: Evoke Invisibilit |       |       |       |       |     1 ||     1
Evoke: Wand              |       |       |       |     3 |    29 ||    32
  Use: Scroll            |       |     6 |     4 |    10 |    12 ||    32
       Potion            |       |       |       |     6 |     7 ||    13
 Stab: Sleeping          |     1 |     6 |     6 |    15 |     1 ||    29
       Confused          |       |       |       |     4 |       ||     4
       Distracted        |       |       |       |       |     1 ||     1
  Eat: Chunk             |     1 |     6 |    11 |    26 |     8 ||    52
       Ration            |       |       |     2 |       |     1 ||     3
Armor: Robe              |    38 |     6 |    28 |     9 |       ||    81
       Skin              |       |     4 |    12 |    10 |     6 ||    32
       Steam dragon scal |       |       |       |    18 |       ||    18
       Ring mail         |       |       |       |       |    74 ||    74
Dodge: Dodged            |   142 |   151 |   435 |   837 |   887 ||  2452
